 Dungeon Crawl Stone Soup version 0.27.1-35-g4d5d836560 (webtiles) character file.

Game seed: 14617585182290846025

6082 Fek the Basher (level 10, -7/77 HPs)
             Began as a Demonspawn Berserker on Feb 27, 2022.
             Was a High Priest of Trog.
             Mangled by a polar bear (14 damage)
             ... on level 10 of the Dungeon.
             The game lasted 00:22:51 (10742 turns).

Fek the Basher (Demonspawn Berserker)              Turns: 10742, Time: 00:22:51

Health: -7/77      AC: 19    Str: 21    XL:     10   Next: 58%
Magic:  10/10      EV: 13    Int: 14    God:    Trog [*****.]
Gold:   446        SH:  0    Dex: 13    Spells: 9/9 levels left

rFire    . . .     SeeInvis .   v - +2 whip (elec)
rCold    . . .     Faith    +   (no shield)
rNeg     . . .     Spirit   .   O - +1 acid dragon scales
rPois    .         Reflect  .   (helmet restricted)
rElec    .         Harm     .   (no cloak)
rCorr    +         Rampage  .   d - +0 pair of gloves
Will     .....                  (no boots)
Stlth    ++........             q - amulet of faith
HPRegen  0.22/turn              L - +6 ring of intelligence
MPRegen  0.12/turn              (no ring)

@: sanguine armoured, on berserk cooldown, slowed, very slow
A: horns 2, powered by death 2, spiny 1, sanguine armour 2
a: Renounce Religion, Berserk, Trog's Hand, Brothers in Arms


You were on level 10 of the Dungeon.
You worshipped Trog.
Trog was extremely pleased with you.
You visited 1 branch of the dungeon, and saw 10 of its levels.
You also visited: Sewer.

You collected 446 gold pieces.

Inventory:

Hand Weapons
 a - a +0 falchion
 v - a +2 whip of electrocution (weapon)
Missiles
 E - a throwing net (quivered)
Armour
 d - a +0 pair of gloves (worn)
 O - +1 acid dragon scales (worn)
Jewellery
 c - a ring of ice
 j - an amulet of guardian spirit
 p - a ring of fire
 q - an amulet of faith (around neck)
 x - an amulet of magic regeneration
 C - a ring of fire
 H - a +6 ring of intelligence
 L - a +6 ring of intelligence (left hand)
Wands
 i - a wand of acid (14)
 y - a wand of iceblast (7)
Scrolls
 f - a scroll of identify
 h - a scroll of vulnerability
 k - a scroll of enchant armour
 l - a scroll of torment
 s - 4 scrolls of teleportation
 A - a scroll of summoning
 D - a scroll of blinking
 F - a scroll of fog
 G - a scroll of amnesia
 M - 2 scrolls of magic mapping
 N - a scroll of immolation
Potions
 b - a potion of cancellation {unknown}
 e - 4 potions of flight
 g - 3 potions of ambrosia {unknown}
 m - 5 potions of haste
 n - 2 potions of resistance {unknown}
 o - 3 potions of might
 r - 4 potions of mutation {unknown}
 u - a potion of heal wounds {unknown}
 w - 2 potions of experience {unknown}
 z - 4 potions of curing {unknown}
 B - a potion of degeneration {unknown}
 I - a potion of brilliance {unknown}
 J - a potion of lignification {unknown}
 K - a potion of attraction {unknown}
Miscellaneous
 t - a tin of tremorstones (2/2)


   Skills:
 + Level 6.7 Fighting
 - Level 5.6 Long Blades
 * Level 8.7 Maces & Flails
 + Level 7.0 Armour
 + Level 5.7 Dodging
 + Level 3.0 Stealth


You had 9 spell levels left.
You didn't know any spells.
Your spell library was empty.

Dungeon Overview and Level Annotations

Branches:
Dungeon (10/15)            Temple (0/1) D:6           Sewer (visited)
   Lair: D:8-11         Orc: D:9-12

Altars:
Ashenzari
Cheibriados
Dithmenos
Kikubaaqudgha
Makhleb
Nemelex Xobeh
Okawaru
Sif Muna
Wu Jian
Xom


Innate Abilities, Weirdness & Mutations

You have a pair of horns on your head.
You regenerate health from kills.
You are partially covered in sharp spines.
When seriously injured, your bleeding wounds create thick armour. (AC +9)


Message History

The polar bear is moderately wounded.
The polar bear bites you but does no damage.
The polar bear claws you but does no damage. x2
You barely miss the polar bear.
The polar bear is moderately wounded.
The polar bear bites you. The polar bear misses you.
The polar bear claws you but does no damage.
You hit the polar bear.
Lightning courses through the polar bear!
The polar bear is severely wounded.
The polar bear is struck by your spines.
The polar bear bites you.
The polar bear claws you but does no damage.
The polar bear closely misses you.
You completely miss the polar bear.
The polar bear is almost dead.
The polar bear goes berserk!
You barely miss the polar bear.
The polar bear is severely wounded.
The polar bear bites you!
* * * LOW HITPOINT WARNING * * *
The polar bear claws you but does no damage.
The polar bear closely misses you.
You hit the polar bear.
You headbutt the polar bear, but do no damage.
The polar bear is severely wounded.
The polar bear closely misses you. The polar bear barely misses you. x2
The polar bear is struck by your spines.
The polar bear barely misses you. The polar bear misses you.
The polar bear claws you but does no damage.
You hit the polar bear but do no damage.
Your headbutt misses the polar bear.
The polar bear is almost dead.
The polar bear bites you!
* * * LOW HITPOINT WARNING * * *
The polar bear claws you but does no damage. x2
You hit the polar bear but do no damage.
The polar bear is almost dead.
The polar bear bites you!
You die...

......'........# ....y.
#######........# .....#####
...............# ..........
...............###.....h.#
.................#......# .
......###........#.....# ..
...####.######...#.....#...
...###...## #...#......#..
....#.....# #..@#)........
....#.....# #...h........#
..........# #...#.......##
....##....####...#.....###
.....##.###....###.....#
......###...)..#.......#
...............#.(.....#
#..............#.......#
#...........##'#.......#


You could see a polar bear (berserk).

Vanquished Creatures
  A meliai (D:10)
  Eustachio (D:5)
  12 yaks
  2 wyverns (D:9)
  2 steam dragons
  An acid dragon (D:8)
  A hornet zombie (D:5)
  3 orc warriors
  2 ice beasts
  A meliai simulacrum (D:10)
  A necrophage (D:6)
  A sky beast (D:4)
  2 ogres (D:5)
  2 centaurs
  5 kobold brigands
  3 bullfrogs
  2 scorpions
  A water moccasin skeleton (D:4)
  An electric eel (D:10)
  4 centaur zombies
  3 jellies
  6 orc priests
  A centaur skeleton (D:7)
  5 hounds
  Jessica (D:3)
  6 iguanas
  7 orc wizards
  2 centaur simulacra (D:10)
  4 gnolls (D:6)
  A howler monkey zombie (D:9)
  6 adders
  2 river rats (D:5)
  4 white imps
  An adder skeleton (D:4)
  4 worms
  2 dart slugs
  25 orcs
  6 endoplasms
  6 giant cockroaches
  6 goblins
  5 hobgoblins
  3 jackals (Sewer)
  4 quokkas
  15 ball pythons
  9 frilled lizards
  31 kobolds
  12 rats
225 creatures vanquished.

Vanquished Creatures (others)
  9 plants (Sewer)
9 creatures vanquished.

Grand Total: 234 creatures vanquished

Notes
Turn   | Place    | Note
-------+----------+-------------------------------------------
     0 | D:1      | Fek the Demonspawn Berserker began the quest for the Orb.
     0 | D:1      | Reached XP level 1. HP: 18/18 MP: 1/1
     2 | D:1      | Noticed a ghoul
     4 | D:1      | Noticed a minotaur zombie
     4 | D:1      | Noticed a gargoyle
    17 | D:1      | Noticed a demigod
   612 | D:1      | Gained mutation: You regenerate a little health from kills.
                  | [demonic ancestry]
   612 | D:1      | Reached XP level 2. HP: 24/24 MP: 2/2
  1027 | D:2      | Found an ancient bone altar of Kikubaaqudgha.
  1129 | D:2      | Reached ** piety under Trog
  1130 | D:2      | Gained mutation: When seriously injured, your bleeding
                  | wounds create armour. (AC +9) [demonic ancestry]
  1130 | D:2      | Reached XP level 3. HP: 26/29 MP: 3/3
  1137 | D:2      | You fall into a shaft and drop 2 floors!
  1527 | D:2      | Found a faded altar of an unknown god.
  2106 | D:3      | Gained mutation: You have a pair of small horns on your
                  | head. [demonic ancestry]
  2106 | D:3      | Reached XP level 4. HP: 37/37 MP: 4/4
  2109 | D:3      | Noticed Jessica
  2116 | D:3      | Killed Jessica
  2403 | D:3      | Gained mutation: You are partially covered in sharp spines.
                  | [demonic ancestry]
  2403 | D:3      | Reached XP level 5. HP: 34/42 MP: 5/5
  2968 | D:4      | Found a burning altar of Makhleb.
  2977 | D:4      | Reached *** piety under Trog
  2978 | D:4      | Reached skill level 1 in Stealth
  2978 | D:4      | Reached XP level 6. HP: 45/48 MP: 6/6
  3074 | D:4      | Found a snail-covered altar of Cheibriados.
  3074 | D:4      | Noticed a torpor snail
  3074 | D:4      | Noticed a torpor snail
  3076 | D:4      | Noticed a torpor snail
  3178 | D:4      | Reached skill level 5 in Long Blades
  3461 | D:5      | Entered Level 5 of the Dungeon
  3468 | D:5      | Noticed an orc warrior
  3481 | D:5      | Killed an orc warrior
  3482 | D:5      | Gained mutation: You have a pair of horns on your head.
                  | [demonic ancestry]
  3482 | D:5      | Reached XP level 7. HP: 51/55 MP: 7/7
  3557 | D:5      | Found a glowing drain.
  3568 | Sewer    | Entered a sewer
  3662 | Sewer    | Reached **** piety under Trog
  4412 | D:5      | Noticed Eustachio
  4442 | D:4      | Reached skill level 1 in Maces & Flails
  4619 | D:5      | Killed Eustachio
  4673 | D:5      | Reached skill level 2 in Maces & Flails
  4673 | D:5      | Reached XP level 8. HP: 58/61 MP: 8/8
  4742 | D:5      | Reached skill level 5 in Fighting
  5070 | D:5      | Reached skill level 3 in Maces & Flails
  5973 | D:6      | Reached skill level 4 in Maces & Flails
  6118 | D:6      | Found a staircase to the Ecumenical Temple.
  6685 | D:6      | Reached skill level 5 in Maces & Flails
  7187 | D:7      | Reached ***** piety under Trog
  7193 | D:7      | Reached skill level 5 in Armour
  7193 | D:7      | Gained mutation: When seriously injured, your bleeding
                  | wounds create thick armour. (AC +9) [demonic ancestry]
  7193 | D:7      | Reached XP level 9. HP: 48/68 MP: 9/9
  7397 | D:7      | Found an ornate altar of the Wu Jian Council.
  7908 | D:7      | Reached skill level 6 in Maces & Flails
  8264 | D:7      | Found a shimmering blue altar of Sif Muna.
  8266 | D:7      | Found an iron altar of Okawaru.
  8267 | D:7      | Found a shimmering altar of Xom.
  8267 | D:7      | Found a sparkling altar of Nemelex Xobeh.
  8268 | D:7      | Found a shadowy altar of Dithmenos.
  8271 | D:7      | Found a broken altar of Ashenzari.
  8900 | D:8      | Reached skill level 5 in Dodging
  8903 | D:8      | Reached skill level 7 in Maces & Flails
  9380 | D:9      | Gained mutation: You regenerate health from kills. [demonic
                  | ancestry]
  9380 | D:9      | Reached XP level 10. HP: 76/76 MP: 10/10
  9733 | D:9      | Reached skill level 8 in Maces & Flails
 10291 | D:10     | Entered Level 10 of the Dungeon
 10742 | D:10     | Mangled by a polar bear

Illustrated notes

Levels and vault maps discovered:
D:1:      shiori_arrival_whats_in_store_for_you, layout_loops_ring,
          minmay_pentomino_w2
D:2:      layout_basic, basic_altar, hellmonk_ecumenical_altar_lost_god
D:3:      layout_loops_ring, small_statue_alley_b, uniq_jessica
D:4:      layout_rooms, cheibriados_altar_2, makhleb_heckhound_becter,
          minmay_checkerbox
D:5:      layout_layer_cave, gup_sewer_entry_bubbles, serial_rivers,
          chequers_serial_rivers_micro_d, chequers_serial_rivers_micro_b,
          chequers_serial_rivers_small_a, chequers_serial_rivers_micro_b,
          chequers_serial_rivers_micro_e, grunt_ministairs_12, uniq_eustachio
D:6:      layout_gridville, minmay_temple_entry_proselytizer,
          amcnicky_mini_pool_medium
D:7:      layout_loops_corners, minitemple
D:8:      layout_loops_ring, glass_columns_a, hex_large,
          nicolae_straight_to_the_point
D:9:      layout_irregular_city, kennysheep_small_circle
D:10:     layout_irregular_city, serial_ice, serial_ice_c, serial_ice_n,
          serial_ice_b, serial_ice_g, serial_ice_i

Skill      XL: |  1  2  3  4  5  6  7  8  9 10 |
---------------+-------------------------------+-----
Long Blades    | 3 4 5 |  5.6
Dodging        | 2 3 4 5 |  5.7
Armour         | 2 3 4 5 6 7 |  7.0
Fighting       | 4 5 6 |  6.7
Stealth        | 1 2 3 |  3.0
Maces & Flails | 2 5 7 8 |  8.7

Action                   |  1- 3 |  4- 6 |  7- 9 | 10-12 || total
-------------------------+-------+-------+-------+-------++-------
Melee: Falchion          |   115 |    77 |    56 |       ||   248
       Headbutt          |       |    21 |    62 |    22 ||   105
       Whip              |       |       |   241 |   106 ||   347
Invok: Berserk           |     1 |     2 |     7 |     1 ||    11
       Trog's Hand       |       |     1 |       |       ||     1
  Use: Scroll            |     2 |     1 |     1 |     8 ||    12
 Stab: Sleeping          |     1 |       |     1 |       ||     2
Armor: Animal skin       |    23 |       |       |       ||    23
       Ring mail         |     5 |    28 |    86 |       ||   119
       Acid dragon scale |       |       |     6 |    49 ||    55
Dodge: Dodged            |    78 |    46 |   152 |    59 ||   335
       Rpst.: Falchion   |    21 |    25 |     7 |       ||    53
